 Dungeon Crawl Stone Soup version 0.27.1-1-g398f81649c (console) character file.

Game seed: 13733041051499625675

357 XeNoLord the Magician (level 6, 0/47 HPs)
             Began as a Draconian Air Elementalist on Sept 19, 2021.
             Was a Follower of Qazlal.
             Slain by an ufetubus (3 damage)
             ... on level 5 of the Dungeon.
             The game lasted 00:43:12 (4131 turns).

XeNoLord the Magician (Draconian Air Elementalist)  Turns: 4131, Time: 00:43:13

Health: 0/47       AC:  7    Str: 11    XL:     6   Next: 37%
Magic:  12/12      EV: 12    Int: 17    God:    Qazlal [*.....]
Gold:   176        SH:  2    Dex: 11    Spells: 3/13 levels left

rFire    + . .     SeeInvis .   a - +2 trident (flame)
rCold    + . .     Faith    .   (no shield)
rNeg     . . .     Spirit   .   (armour unavailable)
rPois    .         Reflect  .   (helmet restricted)
rElec    .         Harm     .   q - scarf {rC+ rF+}
rCorr    .         Rampage  .   u - +0 pair of gloves
Will     .....                  (no boots)
Stlth    ++........             (no amulet)
HPRegen  0.15/turn              (no ring)
MPRegen  0.13/turn              (no ring)

@: no status effects
A: AC +6, unfitting armour, cold-blooded
a: Renounce Religion


You were on level 5 of the Dungeon.
You worshipped Qazlal.
Qazlal was aware of your devotion.
You visited 1 branch of the dungeon, and saw 5 of its levels.

You collected 251 gold pieces.
You spent 75 gold pieces at shops.

Inventory:

Hand Weapons
 a - a +2 trident of flaming (weapon)
 b - a +3 dagger of venom
 i - a +0 dagger
 j - a +0 short sword
 o - a +0 dagger of flaming
 p - a +0 short sword
Missiles
 x - 17 sling bullets
Armour
 e - a +0 scale mail
 n - a +4 plate armour
 q - a scarf of resistance (worn)
 r - a +0 helmet
 u - a +0 pair of gloves (worn)
Magical Staves
 v - a staff of cold
Scrolls
 c - a scroll of identify {unknown}
 d - 2 scrolls of teleportation {unknown}
 f - a scroll of blinking {unknown}
 g - a scroll of holy word {unknown}
 h - a scroll of vulnerability {unknown}
 m - a scroll of fog {unknown}
 t - a scroll of acquirement {unknown}
 w - a scroll of silence {unknown}
 y - a scroll of enchant weapon
 A - 2 scrolls of amnesia {unknown}
Potions
 k - 2 potions of resistance {unknown}
 l - a potion of berserk rage {unknown}
 s - a potion of lignification {unknown}
 z - a potion of cancellation {unknown}
 B - a potion of haste {unknown}
 C - a potion of magic {unknown}


   Skills:
 + Level 1.3 Fighting
 + Level 0.1 Short Blades
 + Level 2.4 Polearms
 + Level 2.1 Dodging
 + Level 2.2 Stealth
 + Level 0.6 Shields
 + Level 4.0 Spellcasting
 + Level 2.4 Conjurations
 + Level 3.8 Air Magic


You had 3 spell levels left.
You knew the following spells:

 Your Spells              Type           Power      Damage    Failure   Level
a - Shock                 Conj/Air       56%        1d6       4%          1
b - Static Discharge      Conj/Air       14%        N/A       6%          2
c - Swiftness             Air            16%        N/A       10%         3
d - Airstrike             Air            8%         N/A       32%         4

Your spell library contained the following spells:

 Spells                   Type           Power      Damage    Failure   Level
 Inner Flame              Hex/Fire       3%         N/A       43%         3
 Cause Fear               Hex            1%         N/A       83%         4
 Conjure Ball Lightning   Conj/Air       7%         3x3d6     100%        6
 Discord                  Hex            1%         N/A       100%        8
 Disjunction              Tloc           1%         N/A       100%        8


Dungeon Overview and Level Annotations

Branches:
Dungeon (5/15)
 Temple: D:4-7

Altars:
Qazlal
Wu Jian

Shops:
D:3 (*


Innate Abilities, Weirdness & Mutations

Your plain brown scales are hard. (AC +6)
You cannot fit into any form of body armour.
You are cold-blooded and may be slowed by cold attacks.


Message History

You reach to attack!
You barely miss the yak. Why would you want to do that?
You block the yak's attack.
Reach: a) +2 trident (flame)
Press: ? - help, Dir - move target, f/p - yak
Aim: a yak (about 31% to evade your +2 trident of flaming)
You reach to attack!
You barely miss the yak. You block the yak's attack.
An ufetubus comes into view.
The yak gores you.
The ufetubus shouts!
The yak gores you. The yak gores you!
Casting: Shock (safe; 4% risk of failure)
Confirm with . or Enter, or press ? or * to list all spells.
The yak is struck by an arc of lightning.
The yak is lightly wounded.
The yak is struck by an arc of lightning.
The yak is lightly wounded.
The lightning grounds out.
The yak gores you!
* * * LOW HITPOINT WARNING * * *
The ufetubus hits you.
* * * LOW HITPOINT WARNING * * *
The ufetubus hits you but does no damage.
The ufetubus hits you but does no damage.
The ufetubus closely misses you. The ufetubus hits you.
* * * LOW HITPOINT WARNING * * *
The ufetubus hits you.
* * * LOW HITPOINT WARNING * * *
The ufetubus hits you but does no damage.
The ufetubus barely misses you. The ufetubus closely misses you.
The ufetubus hits you.
* * * LOW HITPOINT WARNING * * *
The ufetubus closely misses you. The ufetubus hits you.
* * * LOW HITPOINT WARNING * * *
The ufetubus barely misses you. The ufetubus closely misses you.
The ufetubus hits you but does no damage.
The ufetubus closely misses you. The ufetubus hits you.
You die...

######### #.# #.......#
#.# #####.......# #.#
............# #.#
..≈≈≈≈≈≈≈≈≈.# ####.##
..≈.......≈.####.#.#.##
..≈.§≈§≈≈....##...###.#
..≈.≈.§.≈.≈..###.#.#.##
..≈.≈._.≈.≈..###@##.##
..≈.≈.§.§.≈...##5####
..≈.≈≈§≈≈.≈.#.##.#
..≈...§...≈.#.##Y#
..≈≈≈≈≈≈≈≈≈Y.....#
............#.####
.###..#...#.#.#
..............#
.##.###.#######


You could see a yak and an ufetubus.

Vanquished Creatures
  A scorpion (D:4)
  A hound (D:4)
  2 orc wizards
  2 hound skeletons
  Robin (D:2)
  7 adders
  An ufetubus (D:4)
  A worm (D:2)
  3 dart slugs (D:1)
  7 orcs
  8 ball pythons
  7 endoplasms
  3 giant cockroaches
  19 goblins
  6 hobgoblins
  6 jackals (D:2)
  3 quokkas
  3 bats
  3 frilled lizards
  7 kobolds
  5 rats
96 creatures vanquished.

Vanquished Creatures (others)
  A plant (D:4)
1 creature vanquished.

Grand Total: 97 creatures vanquished

Notes
Turn   | Place    | Note
-------+----------+-------------------------------------------
     0 | D:1      | XeNoLord the Draconian Air Elementalist began the quest for
                  | the Orb.
     0 | D:1      | Reached XP level 1. HP: 14/14 MP: 3/3
   196 | D:1      | Reached XP level 2. HP: 12/20 MP: 0/5
   752 | D:1      | Reached XP level 3. HP: 26/26 MP: 0/6
   889 | D:1      | Learned a level 2 spell: Static Discharge
   893 | D:1      | Learned a level 3 spell: Swiftness
  1558 | D:2      | Found a stormy altar of Qazlal.
  1632 | D:2      | Became a worshipper of Qazlal Stormbringer
  1668 | D:2      | Reached XP level 4. HP: 32/33 MP: 0/8
  1715 | D:2      | Noticed Robin
  1716 | D:2      | Reached skill level 3 in Spellcasting
  1721 | D:2      | Killed Robin
  1722 | D:2      | Reached skill level 1 in Fighting
  1909 | D:2      | Found a faded altar of an unknown god.
  2079 | D:3      | Noticed a black bear
  2086 | D:3      | Reached skill level 1 in Polearms
  2155 | D:3      | Reached XP level 5. HP: 40/40 MP: 1/9
  2269 | D:3      | Found Fiteippu's Antique Weapon Shoppe.
  2367 | D:3      | Reached * piety under Qazlal
  2491 | D:3      | Found Vavoj's General Store.
  2500 | D:3      | Bought a scroll of enchant weapon for 75 gold pieces
  3409 | D:4      | Reached XP level 6. HP: 43/47 MP: 8/11
  3590 | D:4      | Learned a level 4 spell: Airstrike
  3737 | D:5      | Entered Level 5 of the Dungeon
  3778 | D:5      | Found an ornate altar of the Wu Jian Council.
  3828 | D:5      | Reached skill level 4 in Spellcasting
  3852 | D:5      | Noticed a yak
  3852 | D:5      | Noticed a yak
  3853 | D:5      | Noticed a yak
  4125 | D:5      | HP: 2/47 [ufetubus (1)]
  4131 | D:5      | Slain by an ufetubus

Illustrated notes

Levels and vault maps discovered:
D:1:      matt_arrival_debris, layout_rooms, serial_curves, eino_curves_03,
          eino_curves_01
D:2:      layout_loops_ring, hellmonk_ecumenical_altar_lost_god, basic_altar,
          uniq_robin
D:3:      kennysheep_the_goblin_king, layout_basic, serial_shops, shop_statue,
          nicolae_shop_trees
D:4:      corexii_shack_village, layout_basic
D:5:      layout_loops_cross, mainiacjoe_overflow_concentric_impassable,
          uniq_grinder

Skill      XL: |  1  2  3  4  5  6 |
---------------+-------------------+-----
Stealth        | 2 |  2.2
Dodging        | 2 |  2.1
Spellcasting   | 3 4 |  4.0
Fighting       | 1 |  1.3
Polearms       | 1 2 |  2.4
Conjurations   | 2 |  2.4
Short Blades   | |  0.1
Shields        | |  0.6
Air Magic      | |  3.8

Action                   |  1- 3 |  4- 6 || total
-------------------------+-------+-------++-------
Melee: Unarmed           |    12 |       ||    12
       Short sword       |    25 |       ||    25
       Tailslap          |     1 |     9 ||    10
       Trident           |     8 |   115 ||   123
 Cast: Shock             |    84 |    64 ||   148
       Static Discharge  |     3 |    10 ||    13
       Swiftness         |       |     2 ||     2
Armor: Skin              |    22 |    40 ||    62
Dodge: Dodged            |    43 |    71 ||   114
Block: Other             |       |     9 ||     9
